 Dungeon Crawl Stone Soup version 0.22-a0-117-g314b907 (webtiles) character file.

60 Kavrick the Skirmisher (level 3, -1/29 HPs)
             Began as a Demonspawn Fighter on Jan 29, 2018.
             Slain by an adder (4 damage)
             ... on level 2 of the Dungeon.
             The game lasted 00:04:03 (1166 turns).

Kavrick the Skirmisher (Demonspawn Fighter)         Turns: 1166, Time: 00:04:03

Health: -1/29      AC: 10    Str: 22    XL:     3   Next: 80%
Magic:  3/3        EV:  5    Int:  9    God:
Gold:   59         SH:  9    Dex: 12    Spells: 2/2 levels left

rFire    + . .     SeeInvis .   a - +0 long sword
rCold    . . .     Gourm    .   c - +0 shield
rNeg     . . .     Faith    .   m - +0 chain mail
rPois    .         Spirit   .   (no helmet)
rElec    .         Reflect  .   (no cloak)
rCorr    .         Harm     .   (no gloves)
MR       .....                  j - +0 pair of boots
Stlth    ..........             (no amulet)
HPRegen  0.09/turn              (no ring)
MPRegen  0.08/turn              (no ring)

@: mighty, lethally poisoned (-1 -> -5)
A: claws 1, fire resistance 1
a: no special abilities


You were on level 2 of the Dungeon.
You were not hungry.

You visited 1 branch of the dungeon, and saw 2 of its levels.

You collected 59 gold pieces.

Inventory:

Hand Weapons
 a - a +0 long sword (weapon)
Armour
 b - a +0 scale mail
 c - a +0 shield (worn)
 j - a +0 pair of boots (worn)
 m - a +0 chain mail (worn)
Scrolls
 e - a scroll of enchant weapon {unknown}
 i - 2 scrolls of remove curse {unknown}
 k - a scroll of teleportation {unknown}
 n - a scroll of fog {unknown}
 o - a scroll of immolation {unknown}
Potions
 g - a potion of ambrosia {unknown}
 l - a potion of haste {unknown}
Comestibles
 f - a ration
 h - 5 chunks of flesh


   Skills:
 + Level 3.5 Fighting
 + Level 2.4 Long Blades
 + Level 3.1 Armour
 + Level 3.1 Shields


You had 2 spell levels left.
You didn't know any spells.

Dungeon Overview and Level Annotations

Branches:
Dungeon (2/15)

Altars:


Innate Abilities, Weirdness & Mutations

You have sharp fingernails.
Your flesh is heat resistant. (rF+)


Message History

* * * LOW HITPOINT WARNING * * *
You slash the adder!
You kill the adder!
The rat twitches its whiskers.
The rat bites you.
* * * LOW HITPOINT WARNING * * *
You slash the rat!
You kill the rat!
The adder bites you but does no damage.
You miss the adder.
The adder is heavily wounded.
The adder bites you.
* * * LOW HITPOINT WARNING * * *
You are lethally poisoned!
The adder poisons you! The adder bites you but does no damage.
You closely miss the adder.
The adder is heavily wounded.
* * * LOW HITPOINT WARNING * * *
You feel sick. The adder bites you but does no damage. The adder bites you.
You die...

# #.#.### #.###### .....#.#
#.##... # #...##.#### #..#># .#
#.........###....##.... .#.#
#.##......#...#.###...##......≈
.. #.#...[....÷...............≈
#........................=.≈
#..##......##.###.....#.....≈
..........####@# #....#......#
<.#......#####S###....#g.....#
.#####.### #..g.......#†......
#. #........?.(.# ..
..............?##
.###.......#...# #.......#...#
#.......##### #.......#


You could see an adder and a goblin.

Vanquished Creatures
  An adder (D:2)
  An ooze (D:2)
  A dart slug (D:1)
  4 bats (D:1)
  3 giant cockroaches (D:1)
  8 goblins
  2 hobgoblins (D:1)
  3 jackals (D:1)
  8 kobolds
  A ball python (D:2)
  4 frilled lizards
  6 rats
42 creatures vanquished.

Notes
Turn   | Place    | Note
-------+----------+-------------------------------------------
     0 | D:1      | Kavrick the Demonspawn Fighter began the quest for the Orb.
     0 | D:1      | Reached XP level 1. HP: 18/18 MP: 1/1
   261 | D:1      | Gained mutation: Your flesh is heat resistant. (rF+) [demonic ancestry]
   261 | D:1      | Reached XP level 2. HP: 16/24 MP: 2/2
   665 | D:1      | Gained mutation: You have sharp fingernails. [demonic ancestry]
   665 | D:1      | Reached XP level 3. HP: 29/29 MP: 3/3
  1166 | D:2      | Slain by an adder

Vault maps used:
D:1:      dpeg_arrival_tiny_a, minmay_unequal
D:2:      lemuel_coloured_pillars_altar, kennysheep_cross_bottleneck,
          grunt_decor_arrowhead, minmay_crystal_water

Skill      XL: |  1  2 |
---------------+-------+-----
Long Blades    | 2 |  2.4
Armour         | 3 |  3.1
Shields        | 3 |  3.1
Fighting       | |  3.5

Action                   || total
-------------------------++-------
Melee: Long sword        ||   178
  Use: Potion            ||     1
  Eat: Chunk             ||     1
Armor: Scale mail        ||    93
       Chain mail        ||    49
Dodge: Dodged            ||    51
Block: Shield            ||   116
       Rpst.: Long sword ||    17

Table legend:
 A = Spawn XP
 B = Non-spawn XP
 C = Spawn XP percentage of total XP
 D = Spawn monster count
 E = Non-spawn monster count
 F = Spawn count percentage of total count
 G = Total turns spent on level
                    A         B        C        D         E        F      G
               +---------+---------+-------+---------+---------+-------+---------
         Total |       0 |      86 |   0.0 |       0 |      42 |   0.0 |  1166
               +---------+---------+-------+---------+---------+-------+---------
           D:1 |       0 |      55 |   0.0 |       0 |      31 |   0.0 |  1023
           D:2 |       0 |      31 |   0.0 |       0 |      11 |   0.0 |   143
               +---------+---------+-------+---------+---------+-------+---------
